Map: Mothership LE

Players

VITZoun (Zoun) - Winner!

  • Race: Protoss Protoss
  • Spawn Location: 9:00

FalconsSolar (Solar)

  • Race: Zerg Zerg
  • League: Master
  • Spawn Location: 1:00

VOD

Have the link to the VOD?

Description

Time

  • Played on: Nov. 13, 2025, 4:20 a.m.
  • Length: 12:52
Show
View Real Time Build Order
Export as new Build Order

VITZoun Protoss - Winner!

Build Orders: 1 Gate Expand, Oracle Opening, Carriers 

Get SALT Encoding   

  12  0:00  Probe  
  13  0:12  Probe  
  14  0:17  Pylon  
  14  0:24  Probe  
  15  0:32  Probe  
  15  0:39  Gateway  
  15  0:40  Probe  
  17  0:50  Assimilator  
  17  0:51  Probe  
  18  1:03  Probe  
  19  1:15  Probe  
  20  1:25  Nexus  
  20  1:35  Cybernetics Core  
  20  1:38  Probe  
  21  1:47  Assimilator  
  21  1:50  Probe  
  22  1:54  Pylon  
  22  2:02  Adept, Probe  
  23  2:14  Probe  
  26  2:22  Stargate  
  26  2:26  Probe  
  27  2:31  Warp Gate  
  27  2:36  Adept  
  29  2:37  Probe  
  29  2:38  Probe  
  29  2:43  Pylon  
  31  2:45  Probe  
  31  2:49  Probe  
  32  2:55  Probe  
  32  2:56  Oracle  
  34  3:08  Probe  
  34  3:12  Probe  
  39  3:15  Adept  
  39  3:18  Gateway  
  41  3:20  Probe  
  41  3:22  Pylon  
  41  3:26  Probe  
  43  3:30  Oracle  
  43  3:32  Probe  
  44  3:39  Probe  
  48  3:45  Probe  
  49  3:51  Probe  
  50  3:57  Probe  
  51  4:02  Nexus  
  51  4:03  Probe  
  51  4:04  Pylon  
  51  4:09  Probe  
  53  4:13  Assimilator  
  53  4:15  Assimilator, Probe  
  54  4:22  Adept x2  
  58  4:24  Shield Battery, Probe  
  58  4:27  Probe  
  60  4:36  Probe  
  60  4:37  Twilight Council  
  61  4:38  Forge  
  61  4:39  Probe  
  61  4:45  Pylon  
  62  5:00  Gateway x2  
  62  5:02  Probe x2  
  62  5:04  Blink  
  62  5:05  Stalker  
  62  5:07  Stalker  
  64  5:13  Protoss Ground Weapons Level 1  
  60  5:14  Probe x2  
  60  5:16  Probe  
  60  5:25  Probe  
  60  5:26  Probe  
  60  5:27  Probe  
  62  5:28  Stalker  
  62  5:32  Stalker  
  62  5:33  Probe  
  62  5:35  Probe  
  67  5:38  Probe  
  67  5:40  Gateway  
  67  5:41  Probe  
  70  5:43  Probe  
  70  5:44  Gateway  
  70  5:49  Pylon  
  72  5:50  Probe  
  72  5:53  Stalker, Probe  
  72  5:56  Probe  
  76  6:04  Stalker x2  
  76  6:05  Pylon  
  76  6:07  Probe  
  76  6:09  Assimilator  
  81  6:11  Assimilator  
  81  6:13  Pylon  
  81  6:16  Probe  
  82  6:23  Fleet Beacon  
  82  6:24  Pylon  
  82  6:25  Probe x2  
  84  6:28  Probe  
  85  6:34  Stargate  
  85  6:36  Gateway  
  85  6:37  Gateway  
  85  6:40  Photon Cannon  
  85  6:42  Probe x2  
  85  6:45  Stalker  
  89  6:48  Stalker  
  89  6:54  Pylon, Robotics Facility  
  91  6:57  Carrier  
  91  6:59  Charge  
  91  7:00  Mothership  
  91  7:02  Photon Cannon  
  91  7:03  Shield Battery  
  99  7:20  Protoss Ground Weapons Level 2  
  105  7:29  Carrier  
  111  7:39  Probe x2  
  111  7:42  Observer  
  114  7:48  Photon Cannon  
  114  7:49  Nexus  
  114  7:50  Pylon  
  114  7:52  Carrier  
  114  8:04  Probe  
  114  8:05  Probe  
  122  8:08  Pylon, Shield Battery  
  122  8:10  Photon Cannon, Pylon  
  122  8:13  Protoss Air Weapons Level 1  
  122  8:18  Zealot x4  
  130  8:26  Zealot x3  
  136  8:34  Carrier  
  142  8:42  Stalker x3  
  142  8:46  Probe  
  149  8:49  Assimilator  
  149  8:51  Templar Archives  
  149  8:55  Probe x2  
  149  9:02  Zealot x5  
  143  9:07  Zealot  
  143  9:08  Zealot  
  137  9:10  Psionic Storm  
  137  9:15  Probe x2  
  137  9:16  Carrier  
  137  9:19  Probe x2  
  137  9:22  Assimilator  
  139  9:27  Probe  
  146  9:37  Zealot x3  
  147  9:42  Probe x3  
  147  9:44  Protoss Ground Weapons Level 3  
  147  9:45  High Templar x3  
  154  9:47  High Templar  
  154  9:50  Probe  
  157  9:54  Probe x2  
  159  10:01  Zealot x2  
  159  10:05  Zealot x2  
  163  10:10  Probe  
  163  10:11  Photon Cannon  
  164  10:14  Pylon  
  164  10:15  Pylon  
  164  10:17  Pylon  
  164  10:24  Photon Cannon  
  164  10:30  Probe x2  
  163  10:40  Archon x2  
  163  10:43  High Templar x3, Nexus  
  163  10:44  High Templar x2  
  163  10:47  Pylon, Archon x2  
  173  10:51  Pylon  
  173  10:54  Observer  
  173  10:56  Pylon  
  173  10:57  Pylon  
  173  11:02  Photon Cannon  
  173  11:03  Photon Cannon  
  173  11:04  Shield Battery  
  173  11:07  High Templar x3  
  179  11:12  Observer  
  179  11:17  Zealot x5  
  190  11:27  Carrier  
  196  11:38  Gateway  
  196  11:40  Gateway  
  196  11:56  Zealot x5  
  196  11:58  Zealot x3  
  155  12:11  Immortal  
  141  12:20  High Templar x2, Zealot x5  
  149  12:27  Photon Cannon  
  149  12:28  Probe  
  150  12:31  High Templar  
  150  12:32  Photon Cannon  
Show
View Real Time Build Order
Export as new Build Order

FalconsSolar Zerg 

Build Orders: Hatch First 

Get SALT Encoding   

  12  0:00  Drone  
  13  0:08  Drone  
  14  0:16  Extractor, Drone  
  15  0:22  Overlord  
  15  0:41  Drone  
  16  0:47  Hatchery  
  15  0:51  Drone  
  15  0:55  Drone  
  17  0:58  Drone  
  18  1:11  Extractor  
  17  1:14  Spawning Pool  
  17  1:16  Drone  
  17  1:20  Drone  
  18  1:29  Drone  
  19  1:37  Drone  
  20  1:48  Drone  
  21  2:00  Queen x2  
  21  2:01  Zergling x2  
  26  2:04  Overlord  
  26  2:10  Drone x2  
  28  2:15  Metabolic Boost  
  28  2:23  Zergling x2, Drone  
  30  2:36  Queen  
  32  2:45  Drone  
  33  2:51  Hatchery, Overlord  
  33  2:56  Drone x3  
  34  3:05  Spore Crawler  
  33  3:09  Drone x5  
  39  3:13  Overlord  
  39  3:16  Drone  
  39  3:17  Drone  
  39  3:18  Drone  
  42  3:21  Zergling x2  
  43  3:28  Spore Crawler, Drone  
  43  3:32  Zergling x2  
  44  3:34  Queen  
  44  3:39  Queen  
  48  3:42  Drone  
  48  3:47  Overlord  
  49  3:48  Zergling x4  
  49  3:53  Spore Crawler  
  50  4:00  Drone x2  
  51  4:03  Evolution Chamber, Drone x2  
  51  4:05  Drone  
  51  4:06  Drone  
  51  4:08  Drone  
  55  4:15  Drone x4  
  59  4:19  Drone  
  59  4:23  Drone x2  
  62  4:27  Queen  
  64  4:31  Zerg Melee Weapons Level 1  
  64  4:34  Drone  
  64  4:36  Overlord  
  65  4:38  Extractor  
  65  4:40  Baneling Nest, Drone  
  65  4:43  Drone  
  65  4:49  Spore Crawler  
  65  4:50  Zergling x2  
  65  4:51  Zergling x4  
  65  4:55  Zergling x8  
  70  5:02  Drone x3  
  70  5:03  Drone  
  70  5:08  Drone  
  70  5:11  Drone x3  
  71  5:14  Overlord  
  71  5:15  Drone  
  71  5:18  Drone  
  72  5:21  Lair  
  72  5:27  Overlord  
  72  5:28  Drone  
  72  5:33  Drone  
  72  5:34  Drone x4  
  72  5:35  Drone  
  79  5:41  Drone x2  
  81  5:46  Hatchery  
  81  5:47  Drone  
  81  5:50  Extractor  
  81  5:51  Zergling x8  
  81  5:52  Zergling x2  
  81  5:55  Zergling x2  
  81  5:56  Extractor  
  85  5:58  Zergling x2, Extractor  
  85  6:00  Drone  
  85  6:01  Drone  
  85  6:02  Drone  
  85  6:03  Drone  
  89  6:05  Overlord  
  89  6:09  Overlord  
  89  6:12  Overlord  
  89  6:16  Overlord  
  89  6:24  Drone x7  
  96  6:25  Hydralisk Den  
  96  6:28  Drone  
  96  6:33  Overseer  
  96  6:35  Zerg Missile Weapons Level 1  
  96  6:36  Drone x4  
  96  6:37  Zergling x2  
  101  6:41  Zergling x14  
  108  6:51  Drone x3  
  111  6:59  Drone x2  
  111  7:00  Drone  
  111  7:01  Drone  
  115  7:04  Grooved Spines  
  115  7:05  Overlord  
  115  7:06  Hatchery, Centrifugal Hooks, Drone  
  115  7:08  Hydralisk x2  
  115  7:13  Overlord x3  
  119  7:19  Overlord  
  119  7:22  Overlord  
  119  7:24  Hydralisk x3  
  125  7:30  Overseer  
  125  7:31  Hydralisk x3  
  125  7:35  Hydralisk x2  
  134  7:37  Hydralisk x2  
  134  7:39  Hydralisk  
  134  7:41  Zergling x2  
  134  7:42  Extractor  
  134  7:43  Hydralisk  
  141  7:46  Zergling x8  
  141  7:48  Hydralisk  
  141  7:49  Hydralisk  
  141  7:50  Hydralisk  
  151  7:54  Hydralisk x2, Muscular Augments  
  151  7:58  Hydralisk, Overlord  
  155  8:00  Hydralisk  
  155  8:01  Hydralisk  
  155  8:02  Hydralisk  
  163  8:06  Baneling x3  
  163  8:08  Baneling  
  163  8:10  Zergling x10  
  168  8:13  Overlord  
  168  8:18  Baneling x6  
  168  8:19  Zergling x12  
  174  8:21  Zergling x2  
  174  8:22  Zergling x2  
  174  8:26  Baneling x5, Zergling x6  
  177  8:31  Zergling x8  
  177  8:33  Overseer x2  
  175  8:38  Pneumatized Carapace  
  175  8:39  Zergling x4  
  175  8:41  Hydralisk  
  163  8:42  Zergling x10  
  163  8:44  Overlord  
  163  8:46  Baneling  
  163  8:47  Baneling x2  
  167  8:49  Zergling x2  
  167  8:50  Zergling x4, Hydralisk  
  170  8:55  Hydralisk x2  
  170  8:57  Zergling x2  
  170  9:00  Overseer  
  170  9:01  Hydralisk x2  
  156  9:05  Hydralisk  
  156  9:08  Zergling x10  
  141  9:10  Zergling x6  
  141  9:13  Zergling x6  
  124  9:17  Zergling x2  
  124  9:18  Spire  
  124  9:19  Zergling x2  
  124  9:21  Hydralisk  
  124  9:22  Zergling x4  
  128  9:25  Zergling x6  
  128  9:27  Hydralisk  
  128  9:29  Zergling x2  
  128  9:30  Zergling x2  
  134  9:32  Zergling x6  
  134  9:36  Zergling x8  
  140  9:40  Zergling x8  
  140  9:42  Zergling x4  
  144  9:48  Drone  
  144  9:49  Drone x2  
  144  9:50  Overlord  
  144  9:51  Zergling x10  
  144  9:52  Zergling x2  
  153  9:55  Zergling x6  
  153  9:56  Hydralisk  
  153  9:58  Zergling x4  
  154  10:09  Baneling x2  
  154  10:10  Baneling x5  
  153  10:14  Drone  
  153  10:18  Zergling x8  
  153  10:20  Drone  
  160  10:21  Drone x2  
  160  10:22  Extractor  
  160  10:24  Zerg Flyer Armor Level 1, Corruptor x5  
  170  10:33  Corruptor x3  
  170  10:35  Corruptor  
  173  10:41  Corruptor  
  160  10:43  Zergling x12  
  160  10:46  Baneling x3  
  160  10:48  Zergling x8  
  169  10:50  Baneling x2  
  169  10:51  Baneling  
  169  10:56  Corruptor  
  171  11:00  Zergling x18  
  171  11:02  Baneling x4  
  180  11:04  Hydralisk  
  180  11:05  Zergling x6  
  180  11:07  Zergling x2  
  180  11:09  Zergling x6  
  180  11:11  Baneling x5  
  189  11:12  Zergling x2  
  189  11:15  Baneling x3  
  189  11:18  Zergling x12  
  196  11:21  Baneling x3  
  196  11:23  Zergling x4  
  197  11:26  Overlord  
  184  11:33  Zergling x16  
  184  11:34  Zergling x2, Overseer x4  
  184  11:37  Baneling x4  
  184  11:38  Baneling  
  190  11:40  Overlord, Overseer  
  190  11:41  Overlord  
  190  11:45  Zergling x10  
  195  11:47  Baneling x3  
  187  11:55  Hydralisk  
  187  11:57  Zergling x10  
  187  11:59  Hydralisk x2  
  154  12:04  Hydralisk x2  
  154  12:05  Zergling x2  
  154  12:06  Zergling x2  
  141  12:08  Zergling x4  
  141  12:10  Hydralisk  
  141  12:12  Hydralisk  
  141  12:15  Hydralisk  
  124  12:18  Zergling x6  
  119  12:25  Hydralisk x3  
  119  12:30  Zergling x4  
  119  12:33  Zergling x2  
  119  12:34  Zergling x2  
Tags
 
Add a new tag
Caveats
  • Supply blocks, unpowered buildings, or Contaminate may cause inaccurate times.
  • Supply counts are checked every 10 seconds.